 Dungeon Crawl Stone Soup version 0.24-a0-429-g4608c8fa30 (webtiles) character file.

Game seed: 12135518862018431922

26 alrianne the Skirmisher (level 2, 0/24 HPs)
             Began as a Demonspawn Abyssal Knight on June 13, 2019.
             Was a Follower of Lugonu.
             Succumbed to an adder's poison
             ... on level 2 of the Dungeon.
             The game lasted 00:01:57 (1192 turns).

alrianne the Skirmisher (Demonspawn Abyssal Knight) Turns: 1192, Time: 00:01:58

Health: 0/24       AC:  3    Str: 12    XL:     2   Next: 89%
Magic:  3/3        EV: 11    Int: 13    God:    Lugonu [*.....]
Gold:   92         SH:  0    Dex: 12    Spells: 1/1 levels left

rFire    . . .     SeeInvis .   a - +1 falchion
rCold    . . .     Gourm    .   (no shield)
rNeg     . . .     Faith    .   b - +0 leather armour
rPois    .         Spirit   .   (no helmet)
rElec    .         Reflect  .   (no cloak)
rCorr    .         Harm     .   (no gloves)
MR       .....                  (no boots)
Stlth    +.........             (no amulet)
HPRegen  0.08/turn              (no ring)
MPRegen  0.08/turn              (no ring)

@: lethally poisoned (0 -> -8)
A: powered by pain 1
a: Depart the Abyss, Renounce Religion


You were on level 2 of the Dungeon.
You worshipped Lugonu.
Lugonu was aware of your devotion.
You were hungry.

You visited 1 branch of the dungeon, and saw 2 of its levels.
You visited the Abyss 1 time.

You collected 92 gold pieces.

Inventory:

Hand Weapons
 a - a +1 falchion (weapon)
Armour
 b - a +0 leather armour (worn)
Jewellery
 i - an uncursed ring of protection from cold {unknown}
Scrolls
 d - a scroll of immolation
Potions
 e - a potion of flight
 g - 2 potions of curing {unknown}
 h - a potion of cancellation {unknown}
Comestibles
 c - 3 rations


   Skills:
 + Level 3.6 Fighting
 + Level 2.2 Long Blades
 + Level 2.0 Armour
 + Level 0.9 Dodging
 + Level 2.6 Invocations


You had one spell level left.
You didn't know any spells.
Your spell library was empty.

Dungeon Overview and Level Annotations

Branches:
Dungeon (2/15)

Altars:


Innate Abilities, Weirdness & Mutations

You sometimes gain a little power by taking damage.


Message History

You are lethally poisoned!
The adder poisons you!
You hit the adder.
You kill the adder!
Lugonu accepts your kill.
Your Armour skill increases to level 2!
* * * LOW HITPOINT WARNING * * *
You feel sick.
* * * LOW HITPOINT WARNING * * *
You feel sick.
The goblin shoots a stone.
The stone hits you but does no damage.
You see here a stone.
* * * LOW HITPOINT WARNING * * *
You feel sick.
The goblin shoots a stone.
The stone hits you.
* * * LOW HITPOINT WARNING * * *
You see here a stone.
The goblin shoots a stone.
The stone hits you.
* * * LOW HITPOINT WARNING * * *
You see here 4 stones.
You die...

########.#.....#
#........#<....#
#.########.#######
#.# #.......# #$#
#######.# #(# #.#
.#### #(# #..
...(..#(### ###
#..@..# #.....#
#..g..# #.....#
......# .......#
##.......
.........


You could see a goblin.

Vanquished Creatures
  An adder (D:2)
  A ball python (D:1)
  3 hobgoblins
  3 kobolds
  3 bats
  A frilled lizard (D:1)
  3 goblins (D:1)
  3 rats (D:1)
18 creatures vanquished.

Vanquished Creatures (others)
  9 toadstools (D:2)
9 creatures vanquished.

Grand Total: 27 creatures vanquished

Notes
Turn   | Place    | Note
-------+----------+-------------------------------------------
     0 | Abyss:1  | alrianne the Demonspawn Abyssal Knight began the quest for
                  | the Orb.
     0 | Abyss:1  | Reached XP level 1. HP: 18/18 MP: 2/2
     0 | D:1      | Escaped the Abyss
    51 | D:1      | Reached * piety under Lugonu
   306 | D:1      | Gained mutation: You sometimes gain a little power by
                  | taking damage. [demonic ancestry]
   306 | D:1      | Reached XP level 2. HP: 20/24 MP: 3/3
  1191 | D:2      | HP: 1/24 [goblin/stone (2)]
  1192 | D:2      | Succumbed to an adder's poison

Levels and vault maps discovered:
D:1:      ncdulo_halloftheorcs, layout_basic
D:2:      cheibrodos_fertilizer, layout_basic, tgw_trog, minmay_misc_feat_tiny

Skill      XL: |  1  2 |
---------------+-------+-----
Long Blades    | 2 |  2.2
Armour         | 2 |  2.0
Fighting       | |  3.6
Dodging        | |  0.9
Invocations    | |  2.6

Action                   || total
-------------------------++-------
Melee: Falchion          ||    52
Invok: Depart the Abyss  ||     1
  Use: Scroll            ||     2
Armor: Leather armour    ||    17
Dodge: Dodged            ||    29
       Rpst.: Falchion   ||     9

Table legend:
 A = Non-vault XP
 B = Vault XP
 C = Vault XP percentage of total XP
 D = Non-vault monster count
 E = Vault monster count
 F = Vault count percentage of total count
                 A         B        C        D         E       F
            +---------+---------+-------+---------+---------+-------
      Total |      38 |       0 |   0.0 |      18 |       0 |   0.0
            +---------+---------+-------+---------+---------+-------
        D:1 |      19 |       0 |   0.0 |      13 |       0 |   0.0
        D:2 |      19 |       0 |   0.0 |       5 |       0 |   0.0
            +---------+---------+-------+---------+---------+-------
